 Dungeon Crawl Stone Soup version 0.29.1-2-gbd0b4ee654 (webtiles) character file.

Game seed: 8755489495394575741

18 DemonSlayer the Firebug (level 2, 0/19 HPs)
             Began as a Demonspawn Fire Elementalist on Nov 13, 2022.
             Slain by an adder (3 damage)
             ... on level 2 of the Dungeon.
             The game lasted 00:02:30 (982 turns).

DemonSlayer the Firebug (DsFE)                       Turns: 982, Time: 00:02:31

Health: 0/19       AC:  2    Str:  8    XL:     2   Next: 51%
Magic:  2/5        EV: 12    Int: 18    God:
Gold:   61         SH:  0    Dex: 13    Spells: 2/5 levels left

rFire   + . .      SeeInvis .   c - +0 rapier
rCold   + . .      Faith    .   (no shield)
rNeg    . . .      Spirit   .   a - +0 robe
rPois   +          Reflect  .   (no helmet)
rElec   +          Harm     .   (no cloak)
rCorr   +          Rampage  .   (no gloves)
Will    .....                   (no boots)
Stlth   ++........              (no amulet)
HPRegen 0.06/turn               (no ring)
MPRegen 0.09/turn               (no ring)

@: lethally poisoned (0 -> -4), resistant
A: big brain 1
a: no special abilities


You were on level 2 of the Dungeon.
You visited 1 branch of the dungeon, and saw 2 of its levels.

You collected 61 gold pieces.

Inventory:

Hand Weapons
 c - a +0 rapier (weapon)
Armour
 a - a +0 robe (worn)
Jewellery
 d - a +6 ring of strength


   Skills:
 + Level 0.2 Short Blades
 + Level 1.8 Dodging
 + Level 2.0 Stealth
 + Level 2.1 Spellcasting
 + Level 1.2 Conjurations
 + Level 3.1 Fire Magic


You had 2 spell levels left.
You knew the following spells:

 Your Spells              Type           Power      Damage    Failure   Level
a - Foxfire               Conj/Fire      36%        2x1d5     8%          1
b - Scorch                Fire           26%        2d6       8%          2

Your spell library contained the following spells:

 Spells                   Type           Power      Damage    Failure   Level
 Slow                     Hex            4%         N/A       19%         1
 Conjure Flame            Conj/Fire      9%         6-21      22%         3
 Inner Flame              Hex/Fire       7%         N/A       28%         3
 Confusing Touch          Hex            1%         N/A       47%         3
 Vampiric Draining        Necr           1%         2d6       47%         3
 Flame Wave               Conj/Fire      9%         2d6       58%         4


Dungeon Overview and Level Annotations

Branches:
Dungeon (1/15)

Altars:
Xom

Annotations:
D:2 1 runed translucent door, Crazy Yiuf


Innate Abilities, Weirdness & Mutations

You have an unusually large brain. (Int +2)


Message History

You are out of magic!
Your foxfire dissipates!
The foxfire hits the worm.
The worm is severely wounded.
You barely miss the worm.
The worm is severely wounded.
An adder comes into view.
The worm misses you.
The adder hisses angrily.
You hit the worm but do no damage.
The worm is heavily wounded.
You barely miss the worm.
The worm is heavily wounded.
The worm bites you.
You hit the worm but do no damage.
The worm is heavily wounded.
The worm bites you!
You are too injured to fight recklessly!
It was a potion of resistance.
You feel protected. The worm completely misses you.
The adder attacks as you move away! The adder barely misses you.
The adder closely misses you. The adder attacks as you move away!
The adder closely misses you. The adder bites you.
The adder attacks as you move away! The adder barely misses you.
The adder bites you.
You are lethally poisoned!
The adder poisons you!
There is an open door here.
* * * LOW HITPOINT WARNING * * *
You feel sick. The adder misses you.
You aren't carrying any potions.
Unknown command.
As you read the scroll labelled FUAQIL VYRAFEZER, it crumbles to dust.
It is a scroll of identify.
You don't have any unidentified items.
* * * LOW HITPOINT WARNING * * *
You feel sick. The adder bites you.
You die...

#.._.......# #.## #..#
#..........# ##.## #..#
#..........# #.P.## #..#
#.#........# #..PP# #..#
#..........# #....# #..#
#.........###+..'####..# #
#....w.....#...........###
#...#####S##..............
.>.))....#
#@##.........#.###
8..8##...#
#.##.[.......+...# #..
#...# #.##..)......#.#.#
## #####
#............#.#.#
####.........#.#.#
######.#..#.#.# #.#..#...#
#.#..##### #.#.......


You could see an adder.

Vanquished Creatures
  8 goblins
  A hobgoblin (D:1)
  3 kobolds
  A quokka (D:1)
  A rat (D:1)
14 creatures vanquished.

Vanquished Creatures (others)
  40 foxfires
40 creatures vanquished.

Grand Total: 54 creatures vanquished

Notes
Turn   | Place    | Note
-------+----------+-------------------------------------------
     0 | D:1      | DemonSlayer the Demonspawn Fire Elementalist began the
                  | quest for the Orb.
     0 | D:1      | Reached XP level 1. HP: 13/13 MP: 3/3
   310 | D:1      | Reached skill level 3 in Fire Magic
   373 | D:1      | Gained mutation: You have an unusually large brain. (Int
                  | +2) [demonic ancestry]
   373 | D:1      | Reached XP level 2. HP: 11/19 MP: 3/5
   651 | D:1      | You fall into a shaft and drop 1 floor!
   655 | D:2      | Learned a level 2 spell: Scorch
   873 | D:2      | Found a runed translucent door.
   874 | D:2      | Noticed Crazy Yiuf
   897 | D:2      | Found a shimmering altar of Xom.
   982 | D:2      | Slain by an adder

Illustrated notes

Levels and vault maps discovered:
D:1:      dpeg_arrival_rhombi, layout_loops_cross
D:2:      layout_basic, basic_altar, ebering_ecumenical_altar_hall, st_stairs_6,
          uniq_crazy_yiuf_cottage

Skill      XL: |  1  2 |
---------------+-------+-----
Fire Magic     | 3 |  3.1
Stealth        | 2 |  2.0
Short Blades   | |  0.2
Dodging        | |  1.8
Spellcasting   | |  2.1
Conjurations   | |  1.2

Action                   || total
-------------------------++-------
Melee: Rapier            ||    27
 Cast: Foxfire           ||    23
  Use: Potion            ||     2
       Scroll            ||     1
 Stab: Sleeping          ||     2
Armor: Robe              ||     4
Dodge: Dodged            ||    24
